 Dungeon Crawl Stone Soup version 0.28.0-49-g6dfe1f597d (webtiles) character file.

Game seed: 6338469617118422120

519 Gabide the Grave Robber (level 7, -2/51 HPs)
             Began as a Mummy Necromancer on May 11, 2022.
             Was an Initiate of Sif Muna.
             Slain by a black bear (3 damage)
             ... on level 5 of the Dungeon.
             The game lasted 00:09:13 (6208 turns).

Gabide the Grave Robber (Mummy Necromancer)         Turns: 6208, Time: 00:09:13

Health: -2/51      AC:  6    Str: 11    XL:     7   Next: 1%
Magic:  2/13       EV: 11    Int: 16    God:    Sif Muna [......]
Gold:   152        SH:  0    Dex: 13    Spells: 6/14 levels left

rFire   . . .      SeeInvis .   i - +0 battleaxe
rCold   + + .      Faith    .   (shield currently unavailable)
rNeg    + + +      Spirit   .   b - +0 ring mail
rPois   ∞          Reflect  .   e - +0 helmet
rElec   .          Harm     .   a - scarf {rC+ rF+}
rCorr   .          Rampage  .   (no gloves)
Will    .....                   (no boots)
Stlth   +.........              (no amulet)
HPRegen 0.17/turn               c - ring of wizardry
MPRegen 0.13/turn               (no ring)

@: no status effects
A: cold resistance 1, negative energy resistance 3, torment resistance 2, heat
vulnerability 1, no potions
a: Renounce Religion


You were on level 5 of the Dungeon.
You worshipped Sif Muna.
Sif Muna was noncommittal.
You visited 2 branches of the dungeon, and saw 6 of its levels.

You collected 257 gold pieces.
You spent 105 gold pieces at shops.

Inventory:

Hand Weapons
 i - a +0 battleaxe (weapon)
Armour
 a - a scarf of resistance (worn)
 b - a +0 ring mail (worn)
 e - a +0 helmet (worn)
Jewellery
 c - a ring of wizardry (left hand)
Scrolls
 f - 2 scrolls of noise
 g - a scroll of enchant weapon
 h - a scroll of teleportation


   Skills:
 + Level 2.6 Fighting
 * Level 1.8 Axes
 * Level 2.4 Armour
 + Level 2.8 Dodging
 - Level 1.5 Stealth
 + Level 4.0 Spellcasting
 * Level 5.3 Necromancy


You had 6 spell levels left.
You knew the following spells:

 Your Spells              Type           Power      Damage    Failure   Level
a - Pain                  Necr           80%        1d8       1%          1
b - Vampiric Draining     Necr           20%        2d7       5%          3
c - Animate Dead          Necr           10%        N/A       17%         4

Your spell library contained the following spells:

 Spells                   Type           Power      Damage    Failure   Level
 Animate Skeleton         Necr           40%        N/A       1%          1
 Ensorcelled Hibernation  Hex/Ice        6%         N/A       24%         2
 Passwall                 Tmut/Erth      2%         N/A       24%         2
 Swiftness                Air            3%         N/A       41%         3
 Agony                    Necr           20%        N/A       43%         5


Dungeon Overview and Level Annotations

Branches:
Dungeon (5/15)             Temple (1/1) D:4

Altars:
Ashenzari
Hepliaklqana
Kikubaaqudgha
Nemelex Xobeh
Okawaru
Qazlal
Ru
Sif Muna
Vehumet
Wu Jian
Xom
Zin

Shops:
D:2 *?=!:   D:4 !


Innate Abilities, Weirdness & Mutations

You are immune to poison.
Your flesh is cold resistant. (rC+)
You are immune to negative energy. (rN+++)
You are immune to unholy pain and torment.
You are vulnerable to heat. (rF-)
You do not drink.


Message History

You are too injured to fight recklessly!
You are too injured to fight recklessly!
You are too injured to fight recklessly!
You are too injured to fight recklessly!
Unknown command.
Casting: Vampiric Draining (dangerous; 5% risk of failure)
Confirm with . or Enter, or press ? or * to list all spells.
Aiming: Vampiric Draining (dangerous; 5% risk of failure)
Press: ? - help, Shift-Dir - straight line, f - black bear
Aim: a black bear You draw life force from the black bear!
You feel life coursing into your body. The black bear bites you.
The black bear claws you but does no damage. x2
Unknown command.
You hit the black bear.
The black bear is severely wounded.
The black bear closely misses you. The black bear claws you. x2
The black bear bites you but does no damage.
The black bear misses you. The black bear claws you.
You barely miss the black bear.
The black bear is severely wounded.
The black bear bites you but does no damage.
The black bear barely misses you. The black bear claws you.
You hit the black bear.
The black bear is almost dead.
The black bear goes berserk!
The black bear bites you but does no damage.
The black bear barely misses you.
The black bear claws you but does no damage.
You closely miss the black bear.
The black bear is almost dead.
The black bear bites you!
* * * LOW HITPOINT WARNING * * *
The black bear claws you.
* * * LOW HITPOINT WARNING * * *
The black bear claws you.
* * * LOW HITPOINT WARNING * * *
The black bear bites you but does no damage.
The black bear claws you.
You die... ..## ## ... .. ... .##.! .#o# oo#

#h# #@#
####.#
#####.<..#
.........#
.####....#
##.#.#
#.#...
#.#####
#.#


You could see a black bear (berserk), an orc priest and 2 orcs.

Vanquished Creatures
  A black bear (D:4)
  A necrophage (D:4)
  An ogre (D:5)
  An orc priest (D:3)
  Jessica (D:2)
  2 iguanas
  A hound skeleton (D:5)
  Robin (D:1)
  A howler monkey skeleton (D:4)
  2 adders
  3 adder skeletons (D:4)
  A dart slug (D:5)
  6 orcs
  4 endoplasms
  3 giant cockroaches
  18 goblins
  5 hobgoblins
  7 jackals
  2 quokkas (D:4)
  4 ball pythons
  A ball python skeleton (D:2)
  7 bats
  2 frilled lizards (D:1)
  6 kobolds
  7 rats
88 creatures vanquished.

Notes
Turn   | Place    | Note
-------+----------+-------------------------------------------
     0 | D:1      | Gabide the Mummy Necromancer began the quest for the Orb.
     0 | D:1      | Reached XP level 1. HP: 13/13 MP: 4/4
   236 | D:1      | Reached XP level 2. HP: 20/20 MP: 2/5
   447 | D:1      | Reached skill level 1 in Fighting
  1402 | D:2      | Noticed Robin
  1606 | D:1      | Reached XP level 3. HP: 23/26 MP: 4/7
  2102 | D:1      | Killed Robin
  2602 | D:2      | Noticed Jessica
  2877 | D:1      | Learned a level 3 spell: Vampiric Draining
  2886 | D:2      | Killed Jessica
  2887 | D:2      | Reached skill level 1 in Armour
  2887 | D:2      | Reached XP level 4. HP: 18/32 MP: 1/8
  3021 | D:2      | Found Totykhleh's Distillery.
  3071 | D:2      | Found Ygoschoru's Book Shop.
  3120 | D:2      | Found Hask's Jewellery Shop.
  3208 | D:2      | Found Onurax's Magic Scroll Shoppe.
  3211 | D:2      | Bought a scroll of enchant weapon for 75 gold pieces
  3211 | D:2      | Bought a scroll of teleportation for 30 gold pieces
  3213 | D:2      | Found Pikehum's Assorted Antiques.
  3619 | D:3      | Found a broken altar of Ashenzari.
  3906 | D:3      | Reached XP level 5. HP: 35/38 MP: 1/10
  4002 | D:3      | Found a faded altar of an unknown god.
  4003 | D:3      | Noticed a shining eye
  4005 | D:3      | Noticed a shining eye
  4010 | D:3      | Noticed a golden eye
  4013 | D:3      | Noticed an eye of devastation
  4639 | D:3      | Learned a level 4 spell: Animate Dead
  4693 | D:4      | Noticed a necrophage
  4715 | D:4      | HP: 1/38 [necrophage (6)]
  5025 | D:4      | Killed a necrophage
  5143 | D:4      | Found a sparkling altar of Nemelex Xobeh.
  5313 | D:4      | Noticed a black bear
  5320 | D:4      | Killed a black bear
  5321 | D:4      | Reached skill level 1 in Axes
  5321 | D:4      | Reached skill level 5 in Necromancy
  5321 | D:4      | Reached XP level 6. HP: 39/45 MP: 2/11
  5420 | D:4      | Found a hazy altar of Hepliaklqana.
  5554 | D:4      | Found Ytid's Distillery.
  5567 | D:4      | Found a staircase to the Ecumenical Temple.
  5707 | Temple   | Entered the Ecumenical Temple
  5717 | Temple   | Became a worshipper of Sif Muna the Loreminder
  5972 | D:5      | Entered Level 5 of the Dungeon
  6194 | D:5      | Reached XP level 7. HP: 49/51 MP: 2/13
  6208 | D:5      | HP: 1/51 [black bear (5)]
  6208 | D:5      | Slain by a black bear

Illustrated notes

Levels and vault maps discovered:
D:1:      tarquinn_simple_flora_water_f, layout_basic, minmay_tromino_i2
D:2:      layout_rooms, serial_shops, shop, nicolae_shop_hallway_stairs, shop,
          nicolae_shop_behind_doors, shop, minmay_circle_x, uniq_robin,
          uniq_jessica
D:3:      layout_loops_corners, ashenzari_altar_1,
          hellmonk_ecumenical_altar_watching_god
D:4:      layout_basic, mainiacjoe_overflow_boulevard,
          mainiacjoe_overflow_concentric_impassable, serial_shops,
          nicolae_shop_trees
D:5:      layout_loops_ring, trog_book, minmay_bent, uniq_blork_the_orc
Temple:   cyrus_circular_temple

Skill      XL: |  1  2  3  4  5  6 |
---------------+-------------------+-----
Fighting       | 1 2 |  2.6
Dodging        | 2 |  2.8
Spellcasting   | 3 4 |  4.0
Armour         | 1 2 |  2.4
Axes           | 1 |  1.8
Necromancy     | 5 |  5.3
Stealth        | |  1.5

Action                   |  1- 3 |  4- 6 |  7- 9 || total
-------------------------+-------+-------+-------++-------
Melee: Unarmed           |    39 |     2 |       ||    41
       Punch             |     1 |       |       ||     1
       Battleaxe         |       |    66 |    14 ||    80
Throw: Boomerang         |     1 |     1 |       ||     2
 Cast: Pain              |    96 |    65 |       ||   161
       Vampiric Draining |       |     7 |     1 ||     8
  Use: Scroll            |     1 |     2 |       ||     3
Armor: Ring mail         |    61 |    42 |    23 ||   126
       Robe              |     5 |       |       ||     5
Dodge: Dodged            |    67 |    48 |    11 ||   126
